 Dungeon Crawl Stone Soup version 0.29.0-4-gdea44cf6ec (webtiles) character file.

Game seed: 3260910461510628217

731 qw the Cleaver (level 7, -2/41 HPs)
             Began as a Tengu Warper on Aug 28, 2022.
             Was a Follower of Okawaru.
             Slain by a gnoll
             ... wielding a +0 spear
              (3 damage)
             ... on level 5 of the Dungeon.
             The game lasted 00:00:37 (5932 turns).

qw the Cleaver (Tengu Warper)                       Turns: 5932, Time: 00:00:37

Health: -2/41      AC: 19    Str: 14    XL:     7   Next: 73%
Magic:  9/11       EV:  7    Int: 13    God:    Okawaru [*.....]
Gold:   243        SH:  0    Dex: 13    Spells: 10/10 levels left

rFire   . . .      SeeInvis .   Y - +0 hand axe
rCold   . . .      Faith    .   (no shield)
rNeg    . . .      Spirit   .   k - +0 plate armour
rPois   .          Reflect  .   (helmet restricted)
rElec   .          Harm     .   g - +2 cloak
rCorr   .          Rampage  .   i - +1 Delatra's gloves {ID++}
Will    .....                   (boots unavailable)
Stlth   ..........              (no amulet)
HPRegen 0.13/turn               (no ring)
MPRegen 0.12/turn               (no ring)

@: heroic, flying quickly and evasively, quick
A: beak, talons 3, nimble flight
a: Renounce Religion, Heroism


You were on level 5 of the Dungeon.
You worshipped Okawaru.
Okawaru was aware of your devotion.
You visited 1 branch of the dungeon, and saw 5 of its levels.

You collected 243 gold pieces.


Innate Abilities, Weirdness & Mutations

You have a beak for a mouth.
You have claws for feet.
Your magical nature lets you fly swiftly and evasively.


   Skills:
 - Level 3.2(8.2) Fighting
 - Level 8.0(13.0) Axes
 - Level 1.0(6.0) Throwing
 + Level 3.9(8.9) Armour
 - Level 2.1(7.1) Dodging
 - Level 2.0 Spellcasting
 - Level 2.4 Translocations
 + Level 0.0 Invocations


You had 10 spell levels left.
You didn't know any spells.
Your spell library contained the following spells:

 Spells                   Type           Power      Damage    Failure   Level
 Blink                    Tloc           14%        N/A       100%        2
 Gell's Gravitas          Tloc           7%         N/A       100%        3
 Lesser Beckoning         Tloc           7%         N/A       100%        3
 Teleport Other           Tloc           7%         N/A       100%        3
 Manifold Assault         Tloc           7%         N/A       100%        5

Inventory:

Hand Weapons
 b - a +0 morningstar
 Y - a +0 hand axe (weapon)
Armour
 g - a +2 cloak (worn)
 i - the +1 Delatra's gloves (worn) {ID++}
   (You found it on level 2 of the Dungeon)

   It heals its wearer when they drink unknown potions.
   It restores its wearer's MP when they read unknown scrolls.
 k - a +0 plate armour (worn)
Scrolls
 a - a scroll of identify
Potions
 d - a potion of might
 e - a potion of mutation
 h - 4 potions of curing
 j - a potion of haste

Dungeon Overview and Level Annotations

Branches:
Dungeon (5/15)             Temple (0/1) D:5

Altars:
Ashenzari
Okawaru

Shops:
D:1 (

Annotations:
D:4 2 transporters


Message History

The scorpion stings you but does no damage.
The gnoll barely misses you.
The gnoll hits you from afar with a +0 vorpal halberd.
You closely miss the scorpion.
You claw the scorpion, but do no damage.
Your peck misses the scorpion.
The scorpion is moderately wounded.
You closely miss the orc.
The scorpion stings you but does no damage.
The gnoll barely misses you. The gnoll hits you but does no damage.
The orc hits you but does no damage.
You hit the scorpion. You claw the scorpion!
You peck the scorpion, but do no damage.
The scorpion is severely wounded.
You hit the orc but do no damage.
The scorpion stings you but does no damage.
The gnoll hits you from afar with a +0 vorpal halberd.
The gnoll hits you but does no damage.
An orc wizard comes into view.
It is wielding a +0 dagger and wearing a +2 robe of willpower.
The orc hits you with a +0 hand axe.
You closely miss the scorpion. Your kick misses the scorpion.
Your peck misses the scorpion.
The scorpion is severely wounded.
You hit the orc.
The scorpion stings you but does no damage.
The gnoll hits you but does no damage.
The gnoll hits you from afar with a +0 vorpal halberd.
The scorpion barely misses you. The orc hits you but does no damage.
You hit the scorpion.
You kill the scorpion!
Okawaru accepts your kill.
You can now gain great but temporary skills.
You hit the orc but do no damage. The dart slug launches a dart at you.
The slug dart hits you.
5932 ||| INVOKING Heroism.
You gain the combat prowess of a mighty hero.
The orc barely misses you.
The gnoll hits you from afar with a +0 spear.
You die...

# #### ....... ....
...$.o. ## ....... #
....... # ....... #
###.w..... ##
##########.o)g.....
P#####...##.....@.g.#
...##..........#.#......
P#%#..................##
<..)....................
#..#..................#.
....<...................
#####.....#.########....
#..#..#.# ..# #.....#.#


You could see an orc wizard, 2 gnolls, a dart slug and an orc.

Vanquished Creatures
  A black bear (D:3)
  3 scorpions
  2 necrophages
  A howler monkey (D:4)
  An orc wizard (D:2)
  3 iguanas
  5 adders
  2 gnolls (D:5)
  A worm (D:4)
  3 dart slugs
  12 orcs
  8 bats
  6 endoplasms
  3 giant cockroaches
  6 goblins
  9 hobgoblins
  9 jackals
  8 quokkas
  8 ball pythons
  3 frilled lizards
  11 kobolds
  9 rats
114 creatures vanquished.

Notes
Turn   | Place    | Note
-------+----------+-------------------------------------------
     0 | D:1      | qw the Tengu Warper began the quest for the Orb.
     0 | D:1      | Reached XP level 1. HP: 12/12 MP: 4/4
     0 | D:1      | 0 ||| qw: Version: 0.1-a-89-g26bdef1
     0 | D:1      | 0 ||| qw: Game counter: 3117
     0 | D:1      | 0 ||| qw: Always use a shield: true
     0 | D:1      | 0 ||| qw: God list: Okawaru
     0 | D:1      | 0 ||| qw: Allow faded altars: false
     0 | D:1      | 0 ||| qw: Do Orc after D:15 true
     0 | D:1      | 0 ||| qw: Do second Lair branch before Depths: true
     0 | D:1      | 0 ||| qw: Lair rune preference: random
     0 | D:1      | 0 ||| qw: Plans: Normal
     0 | D:1      | 0 ||| PLANNING D:1-11
    50 | D:1      | 50 ||| Stepping ~*~*~tactically~*~*~ (stealth).
    55 | D:1      | 55 ||| Stepping ~*~*~tactically~*~*~ (stealth).
    72 | D:1      | 72 ||| Stepping ~*~*~tactically~*~*~ (stealth).
   110 | D:1      | Found a faded altar of an unknown god.
   120 | D:1      | Reached skill level 3 in Axes
   120 | D:1      | Reached XP level 2. HP: 16/17 MP: 6/6
   229 | D:1      | Found Xackityom's Antique Weapon Shop.
   246 | D:1      | 246 ||| SHOPLISTING runed hand axe (126 gold, have 29).
   874 | D:1      | 874 ||| Stepping ~*~*~tactically~*~*~ (stealth).
   918 | D:1      | Reached XP level 3. HP: 21/21 MP: 7/7
  1146 | D:1      | Reached skill level 4 in Axes
  1585 | D:1      | 1585 ||| UPGRADING to +0 ring mail.
  1595 | D:1      | 1595 ||| DROPPING +0 leather armour.
  1596 | D:1      | 1596 ||| UPGRADING to +0 plate armour.
  1606 | D:1      | 1606 ||| DROPPING +0 ring mail.
  1607 | D:1      | 1607 ||| READING 2 scrolls labelled TYFUXIONEE.
  1608 | D:1      | 1608 ||| READING scroll labelled PEV BAIXOMUETE.
  1609 | D:1      | 1609 ||| DRINKING 2 lumpy silvery potions.
  1610 | D:1      | 1610 ||| DROPPING scroll of immolation.
  1611 | D:1      | 1611 ||| DROPPING scroll of blinking.
  1702 | D:2      | Found a broken altar of Ashenzari.
  2143 | D:2      | Reached XP level 4. HP: 22/26 MP: 8/8
  2252 | D:2      | Found the +1 Delatra's gloves {ID++}
  2607 | D:2      | 2607 ||| UPGRADING to +1 Delatra's gloves {ID++}.
  2612 | D:2      | 2612 ||| READING 3 scrolls labelled QYGRAN WIZILU.
  2613 | D:2      | 2613 ||| DRINKING 2 white potions.
  2614 | D:2      | 2614 ||| DROPPING 2 scrolls of poison.
  2615 | D:2      | 2615 ||| DROPPING potion of attraction.
  2616 | D:2      | 2616 ||| Stepping randomly (stuck).
  2617 | D:2      | 2617 ||| Stepping ~*~*~tactically~*~*~ (cloud).
  2618 | D:2      | 2618 ||| DRINKING 4 potions of curing.
  2618 | D:2      | 2618 ||| (to cure poison)
  3114 | D:3      | 3114 ||| Stepping ~*~*~tactically~*~*~ (stealth).
  3261 | D:3      | Reached skill level 5 in Axes
  3803 | D:3      | 3803 ||| UPGRADING to +1 cloak.
  3808 | D:3      | 3808 ||| READING 2 scrolls labelled PYMIYW FIOSCH.
  3809 | D:3      | 3809 ||| READING scroll of enchant armour.
  3809 | D:3      | 3809 ||| ENCHANTING +1 cloak.
  3810 | D:3      | 3810 ||| READING 3 scrolls of identify.
  3810 | D:3      | 3810 ||| IDENTIFYING silvery potion
  3811 | D:3      | 3811 ||| READING 2 scrolls of identify.
  3811 | D:3      | 3811 ||| IDENTIFYING bubbling red potion
  3812 | D:3      | 3812 ||| DROPPING potion of flight.
  3868 | D:4      | 3868 ||| STAIRDANCE
  3873 | D:3      | Gained mutation: Your magical nature lets you fly swiftly
                  | and evasively. [Tengu growth]
  3873 | D:3      | Reached XP level 5. HP: 28/30 MP: 9/9
  3885 | D:4      | Noticed a black bear
  3886 | D:4      | 3886 ||| STAIRDANCE
  4035 | D:3      | 4035 ||| DROPPING +0 whip.
  4039 | D:4      | 4039 ||| STAIRDANCE
  4053 | D:3      | HP: 6/30 [black bear (2)]
  4054 | D:3      | Killed a black bear
  4055 | D:3      | Reached skill level 6 in Axes
  4296 | D:4      | 4296 ||| STAIRDANCE
  4343 | D:4      | Reached skill level 3 in Armour
  4343 | D:4      | Reached XP level 6. HP: 31/35 MP: 10/10
  4343 | D:4      | 4343 ||| STAIRDANCE
  4385 | D:4      | 4385 ||| STAIRDANCE
  4391 | D:3      | HP: 8/35 [poisoned by a scorpion]
  4687 | D:4      | 4687 ||| Stepping ~*~*~tactically~*~*~ (stealth).
  4749 | D:4      | Found a transporter.
  4811 | D:4      | 4811 ||| Stepping ~*~*~tactically~*~*~ (stealth).
  4812 | D:4      | 4812 ||| Stepping ~*~*~tactically~*~*~ (stealth).
  4816 | D:4      | 4816 ||| Stepping ~*~*~tactically~*~*~ (stealth).
  4817 | D:4      | 4817 ||| Stepping ~*~*~tactically~*~*~ (stealth).
  4838 | D:4      | Reached skill level 7 in Axes
  5013 | D:4      | Found an iron altar of Okawaru.
  5027 | D:4      | Became a worshipper of Warmaster Okawaru
  5030 | D:4      | 5030 ||| DROPPING +0 vorpal hand axe.
  5204 | D:4      | Found a transporter.
  5208 | D:4      | Noticed a fire bat
  5268 | D:4      | Reached XP level 7. HP: 36/40 MP: 11/11
  5319 | D:4      | 5319 ||| Stepping ~*~*~tactically~*~*~ (stealth).
  5322 | D:4      | 5322 ||| Stepping ~*~*~tactically~*~*~ (stealth).
  5331 | D:4      | 5331 ||| FLEEEEING.
  5332 | D:4      | 5332 ||| FLEEEEING.
  5333 | D:4      | 5333 ||| FLEEEEING.
  5334 | D:4      | 5334 ||| FLEEEEING.
  5338 | D:4      | 5338 ||| FLEEEEING.
  5339 | D:4      | 5339 ||| FLEEEEING.
  5340 | D:4      | 5340 ||| FLEEEEING.
  5341 | D:4      | 5341 ||| FLEEEEING.
  5342 | D:4      | 5342 ||| FLEEEEING.
  5343 | D:4      | 5343 ||| FLEEEEING.
  5344 | D:4      | 5344 ||| FLEEEEING.
  5345 | D:4      | 5345 ||| FLEEEEING.
  5346 | D:4      | 5346 ||| FLEEEEING.
  5349 | D:4      | 5349 ||| FLEEEEING.
  5350 | D:4      | 5350 ||| FLEEEEING.
  5351 | D:4      | 5351 ||| FLEEEEING.
  5352 | D:4      | 5352 ||| FLEEEEING.
  5353 | D:4      | 5353 ||| FLEEEEING.
  5354 | D:4      | 5354 ||| FLEEEEING.
  5357 | D:4      | 5357 ||| FLEEEEING.
  5358 | D:4      | 5358 ||| FLEEEEING.
  5359 | D:4      | 5359 ||| FLEEEEING.
  5366 | D:4      | 5366 ||| STAIRDANCE
  5391 | D:3      | 5391 ||| DROPPING ring of magical power.
  5392 | D:3      | 5392 ||| READING scroll labelled TEIDIY XUMPONE.
  5393 | D:3      | 5393 ||| READING scroll labelled IDIHUSI ELAJUTT.
  5394 | D:3      | 5394 ||| READING 4 scrolls of identify.
  5394 | D:3      | 5394 ||| IDENTIFYING sapphire potion
  5395 | D:3      | 5395 ||| READING 3 scrolls of identify.
  5395 | D:3      | 5395 ||| IDENTIFYING viscous orange potion
  5396 | D:3      | 5396 ||| READING 2 scrolls of identify.
  5396 | D:3      | 5396 ||| IDENTIFYING coppery potion
  5397 | D:3      | 5397 ||| DROPPING potion of degeneration.
  5400 | D:4      | 5400 ||| STAIRDANCE
  5435 | D:4      | Reached skill level 3 in Fighting
  5647 | D:5      | Entered Level 5 of the Dungeon
  5657 | D:5      | 5657 ||| STAIRDANCE
  5736 | D:5      | Found a staircase to the Ecumenical Temple.
  5760 | D:5      | 5760 ||| Stepping ~*~*~tactically~*~*~ (stealth).
  5768 | D:5      | 5768 ||| Stepping ~*~*~tactically~*~*~ (stealth).
  5921 | D:5      | Reached skill level 8 in Axes
  5929 | D:5      | HP: 9/41 [gnoll/+0 vorpal halberd (3)]
  5930 | D:5      | HP: 4/41 [gnoll/+0 vorpal halberd (1)]
  5931 | D:5      | Reached * piety under Okawaru
  5931 | D:5      | HP: 1/41 [dart slug/slug dart (4)]
  5932 | D:5      | 5932 ||| INVOKING Heroism.
  5932 | D:5      | Slain by a gnoll

Levels and vault maps discovered:
D:1:      amcnicky_arrival_feature_with_door, layout_basic,
          dreamdust_ecumenical_altar_angels_and_demons, serial_shops,
          nicolae_shop_stone, minmay_misc_feat_rows, st_stairs_8
D:2:      layout_basic, basic_altar, pf_guarded_unrand_delatra
D:3:      layout_loops_corners, chequers_serial_rivers_micro_e
D:4:      gammafunk_cloud_chamber, layout_rooms, okawaru_ov_weapons_minmay,
          st_stairs_13, minmay_misc_feat_rugged
D:5:      cheibrodos_fzero, layout_rooms, grunt_temple_overflow_holy_war,
          nicolae_dithmenos_through_a_glass_darkly,
          minmay_temple_entry_gardened_gates, minmay_shop_grid_forest,
          minivault_5, dk_noncrumbling_4

Skill      XL: |  1  2  3  4  5  6  7 |
---------------+----------------------+-----
Axes           | 3 4 5 6 7 8 |  8.0
Armour         | 2 3 |  3.9
Fighting       | 3 |  3.2
Throwing       | |  1.0
Dodging        | |  2.1
Spellcasting   | |  2.0
Translocations | |  2.4

Action                   |  1- 3 |  4- 6 |  7- 9 || total
-------------------------+-------+-------+-------++-------
Melee: Hand axe          |    95 |   178 |    69 ||   342
       Kick              |    23 |    46 |    15 ||    84
       Peck              |    14 |    19 |    12 ||    45
       Punch             |       |     1 |       ||     1
Throw: Boomerang         |     7 |       |       ||     7
Invok: Heroism           |       |       |     1 ||     1
  Use: Scroll            |     2 |     5 |     5 ||    12
       Potion            |     1 |     2 |       ||     3
Armor: Leather armour    |    15 |       |       ||    15
       Plate armour      |     6 |   137 |    58 ||   201
Dodge: Dodged            |    32 |    46 |    27 ||   105

Table legend:
 A = Non-vault XP
 B = Vault XP
 C = Vault XP percentage of total XP
 D = Non-vault monster count
 E = Vault monster count
 F = Vault count percentage of total count
                 A         B        C        D         E       F
            +---------+---------+-------+---------+---------+-------
      Total |     782 |     263 |  25.2 |     107 |       7 |   6.1
            +---------+---------+-------+---------+---------+-------
        D:1 |      59 |       2 |   3.3 |      35 |       2 |   5.4
        D:2 |      24 |      43 |  64.2 |       7 |       3 |  30.0
        D:3 |      54 |     131 |  70.8 |      28 |       1 |   3.4
        D:4 |     371 |       0 |   0.0 |      27 |       0 |   0.0
        D:5 |     274 |      87 |  24.1 |      10 |       1 |   9.1
            +---------+---------+-------+---------+---------+-------
